 Dungeon Crawl Stone Soup version 0.25.0-9-g26727b657a (webtiles) character file.

Game seed: 14854301531559590403

1488 Jakers the Tainter (level 9, -4/68 HPs)
             Began as a Formicid Venom Mage on June 21, 2020.
             Slain by a spriggan baker
             ... wielding a +0 dagger
              (6 damage)
             ... on level 7 of the Dungeon.
             The game lasted 00:23:43 (8056 turns).

Jakers the Tainter (Formicid Venom Mage)            Turns: 8056, Time: 00:23:44

Health: -4/68      AC:  4    Str: 13    XL:     9   Next: 7%
Magic:  3/12       EV:  2    Int: 18    God:
Gold:   341        SH:  0    Dex: -7 (11) Spells: 2/12 levels left

rFire    x . .     SeeInvis +   e - +0 trident
rCold    + . .     Gourm    .   (no shield)
rNeg     . . .     Faith    .   A - +0 leather armour
rPois    .         Spirit   .   (helmet unavailable)
rElec    .         Reflect  .   (no cloak)
rCorr    .         Harm     .   B - +0 pair of gloves
MR       .....                  (no boots)
Stlth    ..........             (no amulet)
HPRegen  0.21/turn              l - ring of ice
MPRegen  0.13/turn              (no ring)

@: very slightly contaminated, slowed, lost dexterity, invisible, very slow
A: permanent stasis, dig shafts and tunnels, four strong arms, antennae 3
a: Dig, Shaft Self


You were on level 7 of the Dungeon.
You were not hungry.

You visited 1 branch of the dungeon, and saw 7 of its levels.

You collected 341 gold pieces.

Inventory:

Hand Weapons
 d - a +0 long sword
 e - a +0 trident (weapon)
 i - a +1 spear
Armour
 a - a +1 robe
 j - a +0 tower shield
 z - a +0 ring mail
 A - a +0 leather armour (worn)
 B - a +0 pair of gloves (worn)
Magical Staves
 t - an uncursed staff of air {unknown}
Jewellery
 l - a ring of ice (left hand)
Wands
 b - a wand of disintegration (13)
 y - a wand of polymorph (18)
Scrolls
 m - a scroll of amnesia
 u - 3 scrolls of enchant armour
Potions
 f - 2 potions of invisibility
 g - 2 potions of brilliance
 h - a potion of curing
 k - 2 potions of degeneration {unknown}
 n - a potion of berserk rage
 o - a potion of might {unknown}
 p - a potion of lignification {unknown}
 q - a potion of flight {unknown}
 r - a potion of ambrosia {unknown}
 s - a potion of stabbing {unknown}
 v - a potion of heal wounds
Comestibles
 c - 8 rations


   Skills:
 - Level 5.3 Fighting
 - Level 6.0 Polearms
 - Level 4.1 Armour
 - Level 1.7 Dodging
 - Level 2.4 Stealth
 - Level 2.1 Spellcasting
 - Level 1.1 Transmutations
 + Level 8.4 Poison Magic


You had 2 spell levels left.
You knew the following spells:

 Your Spells              Type           Power        Failure   Level  Hunger
a - Sting                 Tmut/Pois      ###.         3%          1    #......
b - Poisonous Vapours     Pois/Air       ###...       6%          2    ###....
c - Olgreb's Toxic Radia  Pois           ####....     7%          4    #####..
d - Ignite Poison         Fire/Tmut/Pois ##......     19%         3    ###....

Your spell library contained the following spells:

 Spells                   Type           Power        Failure   Level  Hunger
 Mephitic Cloud           Conj/Pois/Air  ##......     21%         3    ###....


Dungeon Overview and Level Annotations

Branches:
Dungeon (7/15)
 Temple: D:4-7

Altars:
Elyvilon

Shops:
D:4 ?

Annotations:
D:3 Grinder


Innate Abilities, Weirdness & Mutations

You cannot be hasted, slowed, berserked, paralysed or teleported.
You can dig through walls and to a lower floor.
Your four strong arms can wield two-handed weapons with a shield.
You have a pair of large antennae on your head. (SInv)


Message History

The quasit bites you.
* * * LOW HITPOINT WARNING * * *
The quasit claws you but does no damage. x2
Okay, then.
Are you sure you want to shaft yourself?
You feel somewhat more hungry.
The quasit bites you but does no damage.
The quasit barely misses you. x2
The spriggan baker hits you with a +0 dagger.
* * * LOW HITPOINT WARNING * * *
The quasit bites you but does no damage.
The quasit barely misses you.
The quasit claws you but does no damage.
You begin to dig a shaft.
You continue digging a shaft.
The spriggan baker hits you with a +0 dagger!
* * * LOW HITPOINT WARNING * * *
The quasit bites you but does no damage.
The quasit claws you but does no damage. x2
The spriggan baker hits you with a +0 dagger.
You die...

......#
##..####...
......#
#..)# .
...#..#
#...#
.###..#
#..## ##
#...# ##..#
# #...#
#...# ##
#..# ##§§.#
. .##
#§§§###....
..##
#§§@§§...#
...#
#..§§5i§..##
...#
#..§#§§§.##
...#
#..####...#
...# #.#
...# #..# #.
#..# #..# #.
..F. #..#
.... #..#


You could see a spriggan baker and a quasit.

Vanquished Creatures
  Sigmund (D:4)
  Duvessa (D:4)
  2 phantoms
  2 ogres
  A water moccasin skeleton (D:5)
  Dowan (D:4)
  3 howler monkeys (D:7)
  A crimson imp (D:7)
  A jelly (D:5)
  A quasit (D:5)
  A hound (D:5)
  2 orc priests
  An iguana (D:4)
  6 orc wizards
  5 worker ants
  A hound zombie (D:7)
  Robin (D:2)
  3 adders
  2 shadow imps
  An ooze (D:1)
  3 worms
  2 dart slugs
  7 leopard geckos
  11 orcs
  7 giant cockroaches
  9 hobgoblins
  3 quokkas
  A ball python (D:7)
  7 bats
  3 frilled lizards (D:1)
  16 goblins
  6 kobolds
  9 rats
121 creatures vanquished.

Notes
Turn   | Place    | Note
-------+----------+-------------------------------------------
     0 | D:1      | Jakers the Formicid Venom Mage began the quest for the Orb.
     0 | D:1      | Reached XP level 1. HP: 13/13 MP: 3/3
   170 | D:1      | You fall into a shaft and drop 1 floor!
   328 | D:2      | Reached XP level 2. HP: 16/19 MP: 0/5
   337 | D:2      | Learned a level 2 spell: Poisonous Vapours
   464 | D:2      | Reached skill level 5 in Poison Magic
   541 | D:2      | Noticed Robin
   842 | D:2      | Found a faded altar of an unknown god.
   966 | D:2      | Reached XP level 3. HP: 22/24 MP: 6/6
  1557 | D:1      | Reached skill level 6 in Poison Magic
  1800 | D:1      | Reached XP level 4. HP: 30/30 MP: 0/7
  2196 | D:2      | Killed Robin
  3069 | D:3      | Reached skill level 7 in Poison Magic
  3151 | D:3      | Reached XP level 5. HP: 35/35 MP: 8/8
  3238 | D:3      | Learned a level 4 spell: Olgreb's Toxic Radiance
  3506 | D:3      | Noticed Grinder
  3604 | D:4      | Reached skill level 1 in Armour
  3692 | D:4      | Noticed an ogre
  3704 | D:4      | Killed an ogre
  3704 | D:4      | Reached XP level 6. HP: 30/41 MP: 0/9
  3851 | D:4      | Noticed Sigmund
  3856 | D:4      | Killed Sigmund
  3856 | D:4      | Reached XP level 7. HP: 52/52 MP: 1/10
  4650 | D:4      | Found Uminta Zoext's Magic Scroll Shop.
  4906 | D:4      | Noticed Duvessa
  4906 | D:4      | Noticed Dowan
  4912 | D:4      | Learned a level 3 spell: Ignite Poison
  4915 | D:4      | Killed Dowan
  4915 | D:4      | Reached skill level 5 in Fighting
  4927 | D:4      | You fall into a shaft and drop 1 floor!
  4927 | D:5      | Entered Level 5 of the Dungeon
  5183 | D:5      | Reached skill level 1 in Polearms
  5357 | D:5      | Reached XP level 8. HP: 49/62 MP: 7/11
  5769 | D:5      | Found a white marble altar of Elyvilon.
  6144 | D:4      | Killed Duvessa
  6943 | D:7      | Reached skill level 5 in Polearms
  8002 | D:7      | Reached XP level 9. HP: 68/68 MP: 3/12
  8010 | D:7      | Reached skill level 8 in Poison Magic
  8048 | D:7      | Lost dexterity.
  8056 | D:7      | HP: 2/68 [spriggan baker/+0 dagger (9)]
  8056 | D:7      | Slain by a spriggan baker

Illustrated notes

Levels and vault maps discovered:
D:1:      dpeg_arrival_concentric_ovals, layout_basic, minmay_tetromino_o2
D:2:      layout_rooms, serial_co_window_serial, co_window_cross_1,
          co_window_paths_b, co_window_of_opportunity_a, co_window_corner_a,
          co_window_paths_a, co_window_cross_1, co_window_paths_a,
          co_window_of_opportunity_c, co_window_of_opportunity_b,
          co_window_unsneaky_path_e, co_window_sun, glass_columns_a,
          first_ration, chequers_ecumenical_altar_simple_redux, uniq_robin
D:3:      minmay_chambers_of_threes, layout_loops_ring, zin_statuary,
          trog_wizard, uniq_crazy_yiuf_cottage, uniq_terence, uniq_grinder
D:4:      layout_loops_corners, serial_shops, nicolae_shop_trees, uniq_duvessa,
          uniq_sigmund
D:5:      layout_cave_pools, kennysheep_little_box
D:6:      cheibrodos_fzero, layout_loops_corners,
          nicolae_overflow_crystal_walls, basic_altar, cheibriados_altar_1
D:7:      layout_layer_cave, temple_hall_moat, the_bakery,
          chequers_serial_rivers_micro_c

Skill      XL: |  1  2  3  4  5  6  7  8  9 |
---------------+----------------------------+-----
Poison Magic   | 5 6 7 8 |  8.4
Armour         | 4 |  4.1
Fighting       | 3 5 |  5.3
Polearms       | 2 6 |  6.0
Dodging        | |  1.7
Stealth        | |  2.4
Spellcasting   | |  2.1
Transmutations | |  1.1

Action                   |  1- 3 |  4- 6 |  7- 9 || total
-------------------------+-------+-------+-------++-------
Melee: Spear             |    96 |   105 |   127 ||   328
       Club              |     4 |       |       ||     4
       Trident           |       |       |   132 ||   132
 Cast: Sting             |    16 |     3 |    18 ||    37
       Poisonous Vapours |    10 |    11 |    36 ||    57
       Olgreb's Toxic Ra |       |     1 |     5 ||     6
       Ignite Poison     |       |       |     3 ||     3
 Abil: Shaft Self        |     1 |       |     2 ||     3
       Dig               |     1 |       |       ||     1
Evoke: Wand              |       |       |     3 ||     3
  Use: Scroll            |     6 |     6 |     1 ||    13
       Potion            |       |       |    11 ||    11
 Stab: Sleeping          |     1 |     3 |       ||     4
       Invisible         |       |       |     1 ||     1
  Eat: Chunk             |     5 |     7 |    10 ||    22
       Ration            |       |       |     3 ||     3
Armor: Robe              |    17 |    12 |    43 ||    72
       Leather armour    |       |       |    76 ||    76
Dodge: Dodged            |    61 |    53 |   213 ||   327
